 Dungeon Crawl Stone Soup version 0.31-a0-986-g5e6e4ef867 (webtiles) character file.

Game seed: 8918428161225894098

131 Maratek the Trooper (level 4, -1/37 HPs)
             Began as a Demonspawn Fighter on Nov 3, 2023.
             Slain by a gnoll
             ... wielding a +0 halberd
              (5 damage)
             ... on level 3 of the Dungeon.
             The game lasted 00:02:21 (1961 turns).

Maratek the Trooper (Demonspawn Fighter)            Turns: 1961, Time: 00:02:22

Health: -1/37      AC:  6    Str: 18    XL:     4   Next: 91%
Magic:  4/4        EV:  9    Int: 10    God:
Gold:   183        SH:  6    Dex: 14    Spells: 3/3 levels left

rFire   . . .        a - +0 trident
rCold   . . .        c - +1 buckler
rNeg    . . .        b - +0 scale mail
rPois   .            (helmet restricted)
rElec   .            (no cloak)
rCorr   .            (no gloves)
SInv    .            (no boots)
Will    .....        (no amulet)
Stlth   +            m - +4 ring of slaying
HPRegen 0.26/turn    (no ring)
MPRegen 0.09/turn

%: no passive effects
@: no status effects
A: horns 1, thin skeletal structure 1
a: no special abilities


You were on level 3 of the Dungeon.
You visited 1 branch of the dungeon, and saw 3 of its levels.

You collected 183 gold pieces.

Inventory:

Hand Weapons
 a - a +0 trident (weapon)
 g - a +0 glaive
Armour
 b - a +0 scale mail (worn)
 c - a +1 buckler (worn)
Jewellery
 i - an amulet of faith
 m - a +4 ring of slaying (left hand)
Scrolls
 e - a scroll of brand weapon {unknown}
 f - 4 scrolls of identify
 k - a scroll of fear
 l - a scroll of teleportation
 n - a scroll of torment {unknown}
Potions
 d - a potion of might
 h - 3 potions of curing
 j - a potion of cancellation {unknown}


   Skills:
 + Level 3.7 Fighting
 + Level 3.0 Polearms
 + Level 3.2 Armour
 + Level 0.1 Dodging
 + Level 0.1 Stealth
 + Level 3.4 Shields


You had 3 spell levels left.
You didn't know any spells.
Your spell library contained the following spells:

 Spells                   Type           Power      Damage    Failure   Level
 Ozocubu's Armour         Ice            0%         N/A       99%         3
 Ozocubu's Refrigeration  Ice            0%         4d7       100%        7


Dungeon Overview and Level Annotations

Branches:
Dungeon (3/15)

Altars:


Innate Abilities, Weirdness & Mutations

You have a pair of small horns on your head.
You have a somewhat thin skeletal structure. (Dex +2, Stealth+)


Message History

The gnoll shouts! x2
There are monsters nearby!
There are monsters nearby!
The gnoll shouts!
You reach to attack!
You closely miss the gnoll.
The gnoll hits you from afar with a +0 spear.
You reach to attack!
You puncture the gnoll!
The gnoll is severely wounded.
The gnoll barely misses you.
The gnoll hits you from afar with a +0 spear.
You reach to attack!
You puncture the gnoll!
You kill the gnoll!
You block the gnoll's attack.
The gnoll hits you from afar with a +0 halberd!
You reach to attack!
You closely miss the gnoll. You block the gnoll's attack.
The gnoll hits you from afar with a +0 halberd!
* * * LOW HITPOINT WARNING * * *
You are too injured to fight recklessly!
You are too injured to fight recklessly!
You are too injured to fight recklessly!
You are too injured to fight recklessly!
You are too injured to fight recklessly!
You are too injured to fight recklessly!
You are too injured to fight recklessly!
You are too injured to fight recklessly!
You are too injured to fight recklessly!
You are too injured to fight recklessly!
You are too injured to fight recklessly!
You are too injured to fight recklessly!
You are too injured to fight recklessly!
You are too injured to fight recklessly!
You are too injured to fight recklessly!
You are too injured to fight recklessly!
You are too injured to fight recklessly!
You are too injured to fight recklessly!
Unknown command.
The gnoll hits you with a +0 spear.
* * * LOW HITPOINT WARNING * * *
The gnoll hits you with a +0 halberd.
You die...

#.............#.
#....†........#.
##............#.
#............#.
###.####.......
##............. #####
#......##.....#
#....###.#....##.##...
#...g@................
#...g##..#.......####.
##### #.##.####.......
#<#..###..#.....
#...............
#...............
###..........†....
#).........♣._.♣..
#.#†#..(..........


You could see 2 gnolls.

Vanquished Creatures
  An iguana (D:3)
  Robin (D:2)
  A gnoll (D:3)
  An adder (D:3)
  2 worms
  A dart slug (D:3)
  4 orcs (D:3)
  7 endoplasms
  A giant cockroach (D:2)
  2 hobgoblins
  2 kobolds (D:1)
  7 ball pythons
  5 bats
  4 frilled lizards
  16 goblins
  2 rats (D:2)
57 creatures vanquished.

Notes
Turn   | Place    | Note
-------+----------+-------------------------------------------
     0 | D:1      | Maratek the Demonspawn Fighter began the quest for the Orb.
     0 | D:1      | Reached XP level 1. HP: 18/18 MP: 1/1
     8 | D:1      | Noticed an electric eel
   167 | D:1      | Gained mutation: You have a pair of small horns on your
                  | head. [demonic ancestry]
   167 | D:1      | Reached XP level 2. HP: 24/24 MP: 2/2
   801 | D:2      | Noticed Robin
   816 | D:2      | Gained mutation: You have a somewhat thin skeletal
                  | structure. (Dex +2, Stealth+) [demonic ancestry]
   816 | D:2      | Reached XP level 3. HP: 23/29 MP: 3/3
   828 | D:2      | Killed Robin
  1571 | D:3      | Reached XP level 4. HP: 36/36 MP: 4/4
  1891 | D:3      | Found a faded altar of an unknown god.
  1961 | D:3      | Slain by a gnoll

Illustrated notes

Levels and vault maps discovered:
D:1:      arrival_aquarium_a, layout_loops_cross, supply_closet_lemuel,
          minmay_misc_feat_doors, minivault_25, minmay_misc_feat_more_columns
D:2:      layout_loops_ring, uniq_robin
D:3:      layout_rooms, mainiacjoe_overflow_tiny_flanked,
          hellmonk_ecumenical_altar_leap_of_faith

Skill      XL: |  1  2  3  4 |
---------------+-------------+-----
Polearms       | 2 3 |  3.0
Shields        | 3 |  3.4
Armour         | 3 |  3.2
Fighting       | |  3.7
Dodging        | |  0.1
Stealth        | |  0.1

Action                     |  1- 3 |  4- 6 || total
---------------------------+-------+-------++-------
  Melee: Trident           |   103 |    35 ||   138
         Headbutt          |    14 |     5 ||    19
    Use: Scroll            |     6 |       ||     6
         Potion            |     2 |       ||     2
   Stab: Sleeping          |     2 |     1 ||     3
 Armour: Scale mail        |    62 |    15 ||    77
  Dodge: Dodged            |    28 |     9 ||    37
  Block: Buckler           |    12 |     5 ||    17

Table legend: (Time is in decaauts)
 A = Elapsed time spent in this place.
 B = Non-inter-level travel time spent in this place.
 C = Inter-level travel time spent in this place.
 D = Time resting spent in this place.
 E = Time spent auto-exploring this place.
 F = Levels seen in this place.
 G = Mean time per level.
                   A        B        C        D        E       F      G
               +--------+--------+--------+--------+--------+-----+--------+
         Total |   1974 |   1892 |     82 |      0 |   1572 |   3 |  658.0 |
       Dungeon |   1974 |   1892 |     82 |      0 |   1572 |   3 |  658.0 |
               +--------+--------+--------+--------+--------+-----+--------+

Top non-repeatable levels by time:
     D:2: 811 daAuts
     D:1: 768 daAuts
     D:3: 394 daAuts
